 Dungeon Crawl Stone Soup version 0.28-a0-691-gad6df49e81 (webtiles) character file.

Game seed: 10604038291065409087

78644 bande the Severer (level 15, -17/112 HPs)
             Began as a Gargoyle Fighter on Oct 21, 2021.
             Was the Champion of Okawaru.
             Killed from afar by a fire dragon (33 damage)
             ... with a blast of flame
             ... on level 13 of the Dungeon.
             The game lasted 00:58:07 (25966 turns).

bande the Severer (Gargoyle Fighter)               Turns: 25966, Time: 00:58:08

Health: -17/112    AC: 37    Str: 22    XL:     15   Next: 60%
Magic:  22/22      EV:  4    Int: 12    God:    Okawaru [******]
Gold:   1274       SH: 15    Dex: 13    Spells: 14/14 levels left

rFire   x . .      SeeInvis .   C - +3 broad axe (flame)
rCold   + + .      Faith    .   J - +0 tower shield
rNeg    + + .      Spirit   .   i - +0 plate armour
rPois   ∞          Reflect  .   a - +0 helmet {Int+3}
rElec   +          Harm     .   r - +0 cloak
rCorr   .          Rampage  .   t - +2 pair of gloves
Will    ++...                   V - +2 pair of boots {Stlth+}
Stlth   ..........              E - amulet of Vitality {Regen+ HP+15}
HPRegen 1.28/turn               g - ring of ice
MPRegen 0.18/turn               Y - ring "Sogiti" {rC+ rN+ Will+}

@: flying, studying Transmutations
A: sickness immunity, AC +11, big wings, negative energy resistance 1,
electricity resistance, torment resistance 1, petrification resistance
a: Renounce Religion, Heroism, Finesse, Duel


You were on level 13 of the Dungeon.
You worshipped Okawaru.
Okawaru was exalted by your worship.
You visited 3 branches of the dungeon, and saw 20 of its levels.
You also visited: Sewer, Ossuary, Gauntlet, Ice Cave and Volcano.

You collected 2085 gold pieces.
You spent 811 gold pieces at shops.

Inventory:

Hand Weapons
 C - a +3 broad axe of flaming (weapon)
 Q - a +0 vorpal broad axe
Armour
 a - a +0 helmet of intelligence (worn)
 c - the +0 pair of gloves of Roonog {Str+6 Dex+2}
   (You found it in an ice cave)

   Str:       It affects your strength (+6).
   Dex:       It affects your dexterity (+2).
 i - a +0 plate armour (worn)
 r - a +0 cloak (worn)
 t - a +2 pair of gloves (worn)
 J - a +0 tower shield (worn)
 K - a +0 chain mail of fire resistance
 V - a +2 pair of boots of stealth (worn)
Jewellery
 g - a ring of ice (left hand)
 j - an amulet of the acrobat
 w - a ring of positive energy
 z - an amulet of magic regeneration
 E - the amulet of Vitality (around neck) {Regen+ HP+15}
   (You found it on level 7 of the Dungeon)

   [amulet of regeneration]

   HP:        It affects your health (+15).
   Regen:     It increases your rate of health regeneration.
 L - the ring of Daffodils {rF+ rCorr Str+2 Dex-3 Stlth+}
   (You found it on level 5 of the Lair of Beasts)

   [ring of resist corrosion]

   Str:       It affects your strength (+2).
   Dex:       It affects your dexterity (-3).
   rF:        It protects you from fire.
   rCorr:     It protects you from acid and corrosion.
   Stlth:     It makes you more stealthy.
 W - a +4 ring of protection
 X - a ring of fire
 Y - the ring "Sogiti" (right hand) {rC+ rN+ Will+}
   (You found it in a Gauntlet)

   [ring of positive energy]

   rC:        It protects you from cold.
   rN:        It protects you from negative energy.
   Will:      It increases your willpower.
Wands
 u - a wand of polymorph (16)
 y - a wand of iceblast (26)
 I - a wand of flame (80)
 N - a wand of digging (4)
 S - a wand of mindburst (11)
 T - a wand of acid (15)
Scrolls
 f - 9 scrolls of teleportation
 l - 6 scrolls of blinking
 n - 3 scrolls of enchant weapon
 o - 4 scrolls of fear
 x - 3 scrolls of amnesia
 F - a scroll of holy word
 G - a scroll of silence
 H - 3 scrolls of fog
 M - 4 scrolls of enchant armour
 O - a scroll of identify
Potions
 b - 6 potions of flight
 d - 8 potions of might
 e - 2 potions of heal wounds
 h - 7 potions of haste
 k - 3 potions of invisibility
 m - 6 potions of brilliance
 p - a potion of resistance
 q - 7 potions of ambrosia
 v - 3 potions of cancellation
 A - a potion of berserk rage
 B - 13 potions of curing
 D - 2 potions of mutation
 U - a potion of magic
Miscellaneous
 s - a lightning rod (4/4)


   Skills:
 + Level 12.4 Fighting
 + Level 16.0 Axes
 + Level 13.0 Armour
 + Level 9.5 Shields
 - Level 9.4 Invocations
 - Level 7.8 Evocations


You had 14 spell levels left.
You didn't know any spells.
Your spell library contained the following spells:

 Spells                   Type           Power      Damage    Failure   Level
 Beastly Appendage        Tmut           0%         N/A       100%        1
 Foxfire                  Conj/Fire      0%         2x1d4     100%        1
 Pain                     Necr           0%         1d4       100%        1
 Blink                    Tloc           N/A        N/A       100%        2
 Slow                     Hex            0%         N/A       100%        2
 Confusing Touch          Hex            0%         N/A       100%        3
 Conjure Flame            Conj/Fire      0%         6-21      100%        3
 Dazzling Flash           Conj/Hex       0%         N/A       100%        3
 Ignite Poison            Fire/Tmut/Pois 0%         N/A       100%        3
 Inner Flame              Hex/Fire       0%         N/A       100%        3
 Lesser Beckoning         Tloc           0%         N/A       100%        3
 Ozocubu's Armour         Ice            0%         N/A       100%        3
 Spider Form              Tmut/Pois      0%         N/A       100%        3
 Stone Arrow              Conj/Erth      0%         3d7       100%        3
 Vampiric Draining        Necr           0%         2d6       100%        3
 Cause Fear               Hex            0%         N/A       100%        4
 Flame Wave               Conj/Fire      0%         3d3       100%        4
 Iskenderun's Mystic Bla  Conj/Tloc      0%         2d3       100%        4
 Passage of Golubria      Tloc           0%         N/A       100%        4
 Sticky Flame             Conj/Fire      0%         2d3       100%        4
 Agony                    Necr           0%         N/A       100%        5
 Fireball                 Conj/Fire      0%         3d3       100%        5
 Irradiate                Conj/Tmut      0%         3d13      100%        5
 Iskenderun's Battlesphe  Conj           0%         2d6       100%        5
 Manifold Assault         Tloc           0%         N/A       100%        5
 Metabolic Englaciation   Hex/Ice        0%         N/A       100%        5
 Silence                  Hex/Air        0%         N/A       100%        5
 Yara's Violent Unravell  Hex/Tmut       0%         3d3       100%        5
 Conjure Ball Lightning   Conj/Air       0%         3x3d6     100%        6
 Starburst                Conj/Fire      0%         6d3       100%        6
 Dragon Form              Tmut           0%         N/A       100%        7
 Orb of Destruction       Conj           0%         N/A       100%        7
 Discord                  Hex            0%         N/A       100%        8
 Disjunction              Tloc           0%         N/A       100%        8
 Lehudib's Crystal Spear  Conj/Erth      0%         10d2      100%        8
 Necromutation            Tmut/Necr      0%         N/A       100%        8
 Summon Small Mammal      Summ           Unusable   N/A       N/A         1
 Tukima's Dance           Hex            Unusable   N/A       N/A         3
 Animate Armour           Summ/Erth      Unusable   N/A       N/A         4
 Simulacrum               Ice/Necr       Unusable   N/A       N/A         6
 Monstrous Menagerie      Summ           Unusable   N/A       N/A         7

Dungeon Overview and Level Annotations

Branches:
Dungeon (13/15)            Temple (1/1) D:6            Lair (6/6) D:9
  Swamp (0/4) Lair:3       Spider (0/4) Lair:2        Slime (0/5) Lair:6
    Orc (0/2) D:12          Sewer (visited)         Ossuary (visited)
  IceCv (visited)         Volcano (visited)         Gauntlet (visited)
 Vaults: D:13-14

Altars:
Cheibriados
Elyvilon
Fedhas
Kikubaaqudgha
Nemelex Xobeh
Okawaru
Qazlal
Trog
Uskayaw
Wu Jian
Xom
Yredelemnul
The Shining One
Jiyva

Shops:
D:2 ?

Annotations:
D:5 3 runed translucent doors, flyleaff's ghost, novice DsFi


Innate Abilities, Weirdness & Mutations

You are immune to sickness and miasma.
Your stone body is resilient. (AC +11)
You are immune to poison.
Your large and strong wings let you fly.
You resist negative energy. (rN+)
You are resistant to electric shocks. (rElec)
You are resistant to unholy torment.
You are immune to petrification.


Message History

The fire dragon is lightly wounded.
You block the fire dragon's attack. x2; The fire dragon barely misses you.
You slash the fire dragon! You burn the fire dragon.
The fire dragon is moderately wounded.
You block the fire dragon's attack.
The fire dragon claws you but does no damage.
You block the fire dragon's attack.
You slash the fire dragon!
The fire dragon is moderately wounded.
You block the fire dragon's attack.
The fire dragon completely misses you. x2
You slash the fire dragon!
The fire dragon is heavily wounded.
The fire dragon breathes flames at you. The blast of flame hits you!!!
The fire burns you terribly!
* * * LOW HITPOINT WARNING * * *
You hear an angry hiss.
You completely miss the fire dragon.
The fire dragon is heavily wounded.
The fire dragon bites you but does no damage.
The fire dragon barely misses you. The fire dragon tramples you!
* * * LOW HITPOINT WARNING * * *
You are shoved backwards!
You slash the fire dragon!
The fire dragon is heavily wounded.
The fire dragon completely misses you. You block the fire dragon's attack. x2
You hit the fire dragon but do no damage.
The fire dragon is heavily wounded.
The fire dragon barely misses you. You block the fire dragon's attack.
The fire dragon tramples you but does no damage.
You hit the fire dragon.
The fire dragon is heavily wounded.
You block the fire dragon's attack. The fire dragon barely misses you.
The fire dragon tramples you.
* * * LOW HITPOINT WARNING * * *
You are shoved backwards!
You slice the fire dragon!!
The fire dragon is almost dead.
The fire dragon breathes flames at you. The blast of flame hits you!!
The fire burns you terribly!
You die...

#.# #..#....... #.#
#..#.......
###.###########..##.....#
#............<...# ##.###
#................# ...
#................# ..
#[...............#
#.........####.#.#
#..).....@Dyyc...###
#.........####.....##
#.........# ##.....#
#.........# #.....#
#.........# #........#
########### #.....#...
#.....# .. #....## .
#..###


You could see a fire dragon (catching breath), a centaur warrior and 2 vampire
mosquitoes.

Vanquished Creatures
  A minotaur (Gauntlet)
  Snorg (D:12)
  4 hydras
  4 boulder beetles
  A catoblepas (Lair:3)
  2 centaur warriors
  6 death yaks (Lair:5)
  5 two-headed ogres
  5 tengu warriors
  Urug (D:12)
  A sun demon (Volcano)
  Sonja (Lair:4)
  A hell knight (Volcano)
  3 sixfirhies (Gauntlet)
  A death drake (shapeshifter) (D:12)
  3 deep trolls
  A lindwurm (Lair:6)
  2 deep elf pyromancers (D:9)
  3 ugly things
  3 manticores
  A cyclops (D:9)
  2 black mambas
  An apocalypse crab (Gauntlet)
  3 ice statues (IceCv)
  19 elephants
  2 torpor snails
  17 cane toads
  A gargoyle (D:12)
  An unseen horror (D:11)
  2 kobold demonologists
  A freezing wraith (IceCv)
  An entropy weaver simulacrum (IceCv)
  9 komodo dragons
  2 red devils (Volcano)
  3 trolls
  15 polar bears
  4 hornets (Lair:6)
  Prince Ribbit (D:7)
  8 blink frogs
  8 slime creatures
  7 dream sheep
  3 centaur simulacra (Gauntlet)
  A meliai zombie (D:11)
  3 shadows
  2 dire elephant simulacra (IceCv)
  3 vampires
  13 spriggans (Lair:6)
  3 wraiths
  4 wyverns
  3 basilisks
  29 yaks
  6 fire bats (Volcano)
  A steam dragon (D:9)
  8 vampire mosquitoes
  2 death yak simulacra
  2 two-headed ogre zombies (D:12)
  13 water moccasins
  2 acid dragons
  Edmund (D:5)
  6 orc warriors
  A sky beast (D:6)
  An ogre (D:5)
  14 black bears
  An ice beast (D:5)
  2 necrophages
  35 wolves
  4 boggarts (Lair:6)
  12 centaurs
  A phantom (D:12)
  5 kobold brigands
  A gnoll sergeant (D:9)
  14 bullfrogs
  2 wyvern zombies
  2 scorpions (D:6)
  2 cane toad simulacra
  3 water moccasin zombies
  An elephant simulacrum (D:13)
  17 killer bees
  3 troll zombies (D:12)
  A wight (D:9)
  7 howler monkeys
  2 bullfrog zombies (D:6)
  9 lava snakes (Volcano)
  6 centaur zombies
  2 bullfrog skeletons
  4 hounds
  2 jellies
  A centaur skeleton (D:6)
  4 orc priests
  2 iguanas
  7 orc wizards
  2 polar bear simulacra (IceCv)
  4 spriggan simulacra (D:13)
  A killer bee zombie (D:6)
  3 wolf simulacra
  3 ogre zombies (D:12)
  A mummy (Ossuary)
  5 howler monkey zombies
  5 adders
  3 river rats
  2 shadow imps
  A white imp (D:3)
  An ufetubus (D:5)
  An adder skeleton (D:4)
  2 worms (D:2)
  3 dart slugs
  32 orcs
  An endoplasm (D:1)
  4 giant cockroaches
  A goblin (D:4)
  10 hobgoblins
  10 jackals
  5 quokkas
  10 ball pythons
  7 bats
  7 frilled lizards
  8 gnoll skeletons (Ossuary)
  2 goblin skeletons (D:12)
  A goblin zombie (D:12)
  A hobgoblin skeleton (D:12)
  5 hobgoblin zombies (D:12)
  19 kobolds
  4 kobold skeletons (Ossuary)
  15 orc skeletons
  14 orc zombies (D:12)
  28 rats
651 creatures vanquished.

Vanquished Creatures (others)
  38 fungi
  35 plants
73 creatures vanquished.

Grand Total: 724 creatures vanquished

Notes
Turn   | Place    | Note
-------+----------+-------------------------------------------
     0 | D:1      | bande the Gargoyle Fighter began the quest for the Orb.
     0 | D:1      | Reached XP level 1. HP: 14/14 MP: 1/1
   249 | D:1      | Found a faded altar of an unknown god.
   300 | D:1      | Reached XP level 2. HP: 17/19 MP: 2/2
   775 | D:1      | Reached XP level 3. HP: 23/24 MP: 3/3
   855 | D:1      | Reached skill level 2 in Axes
  1891 | D:2      | Found Seleerr's Magic Scroll Shoppe.
  1896 | D:2      | Found an ancient bone altar of Kikubaaqudgha.
  2481 | D:1      | Reached XP level 4. HP: 24/29 MP: 4/4
  2988 | D:2      | Reached skill level 3 in Axes
  3102 | D:2      | Reached XP level 5. HP: 33/33 MP: 5/5
  3314 | D:3      | Identified a scroll of acquirement
  3314 | D:3      | Acquired 636 gold pieces
  3675 | D:3      | Found a glowing drain.
  3680 | Sewer    | Entered a sewer
  3715 | Sewer    | Noticed a kobold brigand
  3728 | Sewer    | Killed a kobold brigand
  3842 | Sewer    | Noticed a kobold brigand
  3842 | Sewer    | Noticed a kobold brigand
  3846 | Sewer    | Reached XP level 6. HP: 33/38 MP: 6/6
  3855 | Sewer    | Reached skill level 4 in Axes
  4729 | D:3      | Found a sparkling altar of Nemelex Xobeh.
  5166 | D:4      | Reached XP level 7. HP: 44/44 MP: 7/7
  5280 | D:4      | Reached skill level 5 in Armour
  5578 | D:4      | Reached skill level 5 in Axes
  5868 | D:5      | Entered Level 5 of the Dungeon
  5989 | D:5      | Reached skill level 5 in Fighting
  6149 | D:5      | Found a runed translucent gate.
  6152 | D:5      | Reached XP level 8. HP: 46/49 MP: 8/8
  6165 | D:5      | Found a runed translucent gate.
  6166 | D:5      | Found a runed translucent gate.
  6172 | D:5      | Noticed flyleaff's ghost (novice DsFi)
  6234 | D:5      | Reached skill level 6 in Axes
  6383 | D:5      | Got the Incunabulum of Creation and Necromancy
  6434 | D:5      | Noticed Edmund
  6441 | D:5      | Killed Edmund
  7011 | D:6      | Reached skill level 7 in Axes
  7357 | D:6      | Reached XP level 9. HP: 45/55 MP: 9/9
  7616 | D:6      | Reached skill level 5 in Shields
  7652 | D:6      | Reached skill level 1 in Evocations
  7659 | D:6      | Found a basalt altar of Yredelemnul.
  7802 | D:6      | Reached skill level 8 in Axes
  7919 | D:6      | Found a staircase to the Ecumenical Temple.
  7929 | Temple   | Entered the Ecumenical Temple
  7980 | Temple   | Became a worshipper of Warmaster Okawaru
  8105 | D:6      | Reached skill level 1 in Invocations
  8552 | D:7      | Noticed Prince Ribbit
  8621 | D:7      | Reached * piety under Okawaru
  8626 | D:7      | Killed Prince Ribbit
  9067 | D:7      | Noticed a deep troll
  9067 | D:7      | Noticed a deep troll
  9148 | D:6      | Killed a deep troll
  9149 | D:6      | Reached skill level 9 in Axes
  9149 | D:6      | Reached XP level 10. HP: 39/63 MP: 10/12
  9282 | D:7      | Killed a deep troll
  9282 | D:7      | Reached ** piety under Okawaru
  9898 | D:7      | Noticed a deep troll
  9917 | D:7      | Killed a deep troll
 10322 | D:7      | Found the amulet of Vitality {Regen+ HP+15}
 10519 | D:8      | Found a sand-covered staircase.
 10524 | Ossuary  | Entered an ossuary
 10715 | D:8      | Reached *** piety under Okawaru
 11193 | D:8      | Found a blossoming altar of Fedhas.
 11277 | D:8      | Found an ancient bone altar of Kikubaaqudgha.
 11278 | D:8      | Found a white marble altar of Elyvilon.
 11279 | D:8      | Found a bloodstained altar of Trog.
 11608 | D:9      | Received a gift from Okawaru
 11609 | D:9      | Reached skill level 10 in Axes
 11609 | D:9      | Reached XP level 11. HP: 68/68 MP: 14/14
 11642 | D:9      | Noticed a two-headed ogre
 11646 | D:9      | Reached skill level 5 in Invocations
 11659 | D:9      | Killed a two-headed ogre
 11659 | D:9      | Reached **** piety under Okawaru
 11763 | D:9      | Noticed a boulder beetle
 11780 | D:9      | Killed a boulder beetle
 11857 | D:9      | Noticed a boulder beetle
 11905 | D:9      | Killed a boulder beetle
 11908 | D:9      | Noticed a cyclops
 11934 | D:9      | Killed a cyclops
 11958 | D:9      | Noticed a deep elf pyromancer
 11965 | D:9      | Killed a deep elf pyromancer
 11965 | D:9      | Reached ***** piety under Okawaru
 11966 | D:9      | Reached skill level 5 in Evocations
 12064 | D:9      | Noticed a two-headed ogre
 12071 | D:9      | Killed a two-headed ogre
 12074 | D:9      | Found a staircase to the Lair.
 12108 | D:9      | Noticed a centaur warrior
 12116 | D:9      | Noticed a two-headed ogre
 12123 | D:9      | Killed a centaur warrior
 12125 | D:9      | Killed a two-headed ogre
 12126 | D:9      | Reached skill level 11 in Axes
 12157 | D:9      | Received a gift from Okawaru
 12272 | D:9      | Found a snail-covered altar of Cheibriados.
 12273 | D:9      | Found a glowing golden altar of the Shining One.
 12274 | D:9      | Found a hide-covered altar of Uskayaw.
 12274 | D:9      | Found an iron altar of Okawaru.
 12331 | D:9      | Noticed a manticore
 12334 | D:9      | Found an ornate altar of the Wu Jian Council.
 12340 | D:9      | Killed a manticore
 12341 | D:9      | Reached XP level 12. HP: 73/75 MP: 16/16
 13257 | D:9      | Noticed a tengu warrior
 13257 | D:9      | Noticed a tengu warrior
 13267 | D:9      | Killed a tengu warrior
 13738 | D:9      | Killed a tengu warrior
 14028 | Lair:1   | Entered Level 1 of the Lair of Beasts
 14225 | D:2      | Bought a scroll of brand weapon for 260 gold pieces
 14225 | D:2      | Bought a scroll of brand weapon for 260 gold pieces
 14225 | D:2      | Bought a scroll of enchant armour for 97 gold pieces
 14225 | D:2      | Bought a scroll of enchant weapon for 97 gold pieces
 14225 | D:2      | Bought a scroll of enchant armour for 97 gold pieces
 15395 | Lair:2   | Reached skill level 10 in Armour
 15462 | Lair:2   | Reached ****** piety under Okawaru
 15518 | Lair:2   | Found a hole to the Spider Nest.
 15736 | Lair:2   | Reached skill level 12 in Axes
 16406 | Lair:3   | Received a gift from Okawaru
 16409 | Lair:3   | Reached XP level 13. HP: 34/80 MP: 19/19
 16462 | Lair:3   | You fall into a shaft and drop 2 floors!
 17289 | Lair:3   | Received a gift from Okawaru
 17395 | Lair:3   | Reached skill level 13 in Axes
 17666 | Lair:3   | Found a staircase to the Swamp.
 18189 | Lair:4   | Noticed Sonja
 18204 | Lair:4   | Killed Sonja
 18205 | Lair:4   | Reached skill level 10 in Fighting
 18249 | Lair:4   | Acquired a +0 broad axe of freezing
 18419 | Lair:3   | Received a gift from Okawaru
 19146 | Lair:5   | Identified the ring of Daffodils {rF+ rCorr Str+2 Dex-3
                  | Stlth+}
 19193 | Lair:5   | Gained mutation: Your large and strong wings let you fly.
                  | [Gargoyle growth]
 19193 | Lair:5   | Reached XP level 14. HP: 35/88 MP: 21/21
 19199 | Lair:5   | HP: 5/103 [death yak (18)]
 19982 | Lair:6   | Entered Level 6 of the Lair of Beasts
 19987 | Lair:6   | Identified the +0 scale mail "Xeckisu" {rCorr MP+9}
 20074 | Lair:6   | Found a dark tunnel.
 20082 | Lair:6   | Reached skill level 14 in Axes
 20127 | Volcano  | Entered a volcano
 20373 | Volcano  | Found a radiant altar of Vehumet.
 20832 | Lair:6   | Received a gift from Okawaru
 21277 | Lair:6   | Reached skill level 15 in Axes
 21352 | Lair:6   | Acquired a +4 ring of protection
 21536 | Lair:6   | Found a viscous altar of Jiyva.
 21536 | Lair:6   | Found a staircase to the Slime Pits.
 21724 | D:10     | Entered Level 10 of the Dungeon
 22812 | D:11     | Found a gate leading to a gauntlet.
 22828 | Gauntlet | Entered a Gauntlet
 22828 | Gauntlet | Found a transporter.
 22828 | Gauntlet | Found a transporter.
 22832 | Gauntlet | Found a transporter.
 22854 | Gauntlet | Reached XP level 15. HP: 95/95 MP: 22/22
 22856 | Gauntlet | Found a transporter.
 22860 | Gauntlet | Identified the +4 long sword "Viukiliss" {vamp, *Rage rPois
                  | Will+++ rCorr}
 22868 | Gauntlet | Found a transporter.
 22881 | Gauntlet | Found a transporter.
 22893 | Gauntlet | Found a transporter.
 22893 | Gauntlet | Found a transporter.
 22896 | Gauntlet | Paralysed by you for 5 turns
 22944 | Gauntlet | Found a transporter.
 22951 | Gauntlet | Identified the ring "Sogiti" {rC+ rN+ Will+}
 22956 | Gauntlet | Identified the +8 quarterstaff "Pipruo" {pain, Int+4}
 22959 | Gauntlet | Found a transporter.
 23013 | Gauntlet | Found a transporter.
 23056 | Gauntlet | Found a transporter.
 23244 | Gauntlet | Got the Compendium of the Slug
 23887 | D:11     | Received a gift from Okawaru
 24273 | D:12     | Received a gift from Okawaru
 24440 | D:12     | Found a staircase to the Orcish Mines.
 24521 | D:12     | Got the Papyrus of Evil Rites
 24603 | D:12     | Noticed Urug
 24618 | D:12     | Killed Urug
 24889 | D:12     | Noticed Snorg
 24903 | D:12     | Killed Snorg
 25505 | D:13     | Found a frozen archway.
 25533 | IceCv    | Entered an ice cave
 25682 | IceCv    | Reached skill level 16 in Axes
 25779 | IceCv    | Identified the +0 pair of gloves of Roonog {Str+6 Dex+2}
 25860 | D:13     | Found a white marble altar of Elyvilon.
 25966 | D:13     | Killed from afar by a fire dragon

Illustrated notes

Levels and vault maps discovered:
D:1:      lightli_arrival_farm, layout_basic, chequers_ecumenical_altar_island
D:2:      layout_basic, serial_shops, nicolae_shop_competitors_out_of_business,
          basic_altar, minmay_fractal_squares_gapless_5
D:3:      layout_loops_ring, nicolae_overflow_hidden_temple,
          gup_sewer_entry_bowl
D:4:      layout_basic
D:5:      layout_loops_cross, gammafunk_ghost_necromancy, uniq_edmund
D:6:      layout_basic, nicolae_yredelemnul_corpse_copse,
          minmay_temple_entry_nine_rooms, kennysheep_crisscross,
          kennysheep_generic_room_2
D:7:      layout_loops_cross, hellmonk_guarded_unrand_vitality_bloodlust,
          uniq_prince_ribbit1
D:8:      layout_loops_corners, fedhas_altar_1,
          chequers_temple_overflow_statue_of_worship, enter_ossuary_5
D:9:      minmay_the_grid_octo_tiled_octocenter
          [minmay_the_grid_octo_fan_narrow, minmay_the_grid_octo_toaster,
          minmay_the_grid_octo_shrine, minmay_the_grid_octo_fat_diamond,
          minmay_the_grid_octo_prize_single_spiral,
          minmay_the_grid_square_5x5_mess, minmay_the_grid_square_5x5_minibox,
          minmay_the_grid_square_5x5_sharp_hourglass,
          minmay_the_grid_square_5x5_slash], layout_layer_cave,
          nicolae_wu_jian_wuxing_cycle
D:10:     layout_grid_maze
D:11:     layout_cave_pods, gauntlet_entry_generic
D:12:     layout_gridville, zombieorc2_lemuel, uniq_snorg, uniq_urug
D:13:     minmay_curly_fans, layout_rooms, david_vaults_1,
          portal_ice_cave_entry_ice_simulacra, nrook_loot_triangle,
          nicolae_elyvilon_peaceful_grove
Temple:   regret_index_temple_generic_petals
Lair:1:   layout_small_grid, serial_bayou_shore_b, lemuel_fruit_tree
Lair:2:   layout_chaotic_city, nicolae_spider_entry_orb_guardian
Lair:3:   beast_lair_carwin_large_4, layout_regular_city,
          minmay_swamp_entry_swarm, kennysheep_catoblepas_arena
Lair:4:   layout_cave_pods, minivault_25, serial_bayou_pond_c,
          serial_bayou_shore_b, infiniplex_staircase_pool_2, uniq_sonja
Lair:5:   layout_regular_city, columned_hall_lemuel, grunt_megastairs_5
Lair:6:   minmay_lair_end_enchanted_forest, layout_cave_shapes,
          dpeg_slime_entry_enclosed_altar, nicolae_volcano_entry_vermiform

Skill      XL: |  1  2  3  4  5  6  7  8  9 10 11 12 13 14 15 |
---------------+----------------------------------------------+-----
Axes           | 2 3 4 5 7 9 10 11 12 13 15 16 | 16.0
Armour         | 4 5 6 7 8 9 10 11 12 13 | 13.0
Shields        | 4 5 6 7 8 9 |  9.5
Fighting       | 4 5 6 7 8 9 10 11 12 | 12.4
Evocations     | 3 4 5 6 7 |  7.8
Invocations    | 3 4 6 8 9 |  9.4

Action                   |  1- 3 |  4- 6 |  7- 9 | 10-12 | 13-15 || total
-------------------------+-------+-------+-------+-------+-------++-------
Melee: War axe           |   126 |   177 |   367 |   346 |       ||  1016
       Broad axe         |       |       |       |   211 |  1023 ||  1234
       Flail             |       |       |       |       |    10 ||    10
Invok: Heroism           |       |       |       |       |     2 ||     2
  Use: Scroll            |       |    10 |     5 |    13 |    10 ||    38
       Potion            |       |       |     3 |     5 |       ||     8
 Stab: Distracted        |       |       |       |     2 |       ||     2
       Petrified         |       |       |       |       |     3 ||     3
Armor: Scale mail        |    65 |    12 |       |       |       ||    77
       Plate armour      |       |   143 |   326 |   647 |  1233 ||  2349
Dodge: Dodged            |    70 |    57 |   141 |   244 |   418 ||   930
Block: Buckler           |    46 |    50 |    99 |   170 |   361 ||   726
       Tower shield      |       |       |       |       |    83 ||    83

Table legend: (Time is in decaauts)
 A = Elapsed time spent in this place.
 B = Non-inter-level travel time spent in this place.
 C = Inter-level travel time spent in this place.
 D = Time resting spent in this place.
 E = Time spent auto-exploring this place.
 F = Levels seen in this place.
 G = Mean time per level.
                   A        B        C        D        E       F      G
               +--------+--------+--------+--------+--------+-----+--------+
         Total |  26130 |  25377 |    753 |   5227 |  13473 |  25 | 1045.2 |
       Dungeon |  16854 |  16180 |    674 |   3846 |   8887 |  13 | 1296.5 |
        Temple |     74 |     52 |     22 |      0 |     46 |   1 |   74.0 |
          Lair |   6980 |   6924 |     56 |   1021 |   3818 |   6 | 1163.3 |
         Sewer |    925 |    925 |      0 |    196 |    428 |   1 |  925.0 |
       Ossuary |    209 |    209 |      0 |      0 |    101 |   1 |  209.0 |
      Ice Cave |    299 |    299 |      0 |      0 |      9 |   1 |  299.0 |
       Volcano |    329 |    329 |      0 |      0 |    146 |   1 |  329.0 |
      Gauntlet |    457 |    457 |      0 |    164 |     37 |   1 |  457.0 |
               +--------+--------+--------+--------+--------+-----+--------+

Top non-repeatable levels by time:
     D:9: 2594 daAuts
     D:1: 2148 daAuts
     D:6: 1687 daAuts
     D:7: 1621 daAuts
     D:2: 1297 daAuts
  Lair:4: 1265 daAuts
     D:5: 1231 daAuts
  Lair:5: 1221 daAuts
  Lair:6: 1220 daAuts
  Lair:3: 1206 daAuts
  Lair:2: 1193 daAuts
    D:12: 1176 daAuts
    D:10: 1044 daAuts
     D:3: 1006 daAuts
    D:11: 974 daAuts
